 Dungeon Crawl Stone Soup version 0.28.0 (webtiles) character file.

Game seed: 8863985115370715822

53 DrunkBamboolord the Grave Robber (level 3, -3/19 HPs)
             Began as a Deep Elf Necromancer on Feb 7, 2022.
             Slain by a gnoll (9 damage)
             ... on level 2 of the Dungeon.
             The game lasted 00:03:14 (2009 turns).

DrunkBamboolord the Grave Robber (DENe)             Turns: 2009, Time: 00:03:14

Health: -3/19      AC:  2    Str:  5    XL:     3   Next: 64%
Magic:  0/10       EV: 13    Int: 21    God:
Gold:   85         SH:  0    Dex: 15    Spells: 4/9 levels left

rFire   . . .      SeeInvis .   e - +0 dagger
rCold   . . .      Faith    .   (no shield)
rNeg    . . .      Spirit   .   a - +0 robe
rPois   .          Reflect  .   (no helmet)
rElec   .          Harm     .   (no cloak)
rCorr   .          Rampage  .   (no gloves)
Will    .....                   (no boots)
Stlth   ++........              (no amulet)
HPRegen 0.06/turn               (no ring)
MPRegen 0.12/turn               (no ring)

@: no status effects
A: no striking features
a: no special abilities


You were on level 2 of the Dungeon.
You visited 1 branch of the dungeon, and saw 2 of its levels.

You collected 85 gold pieces.

Inventory:

Hand Weapons
 e - a +0 dagger (weapon)
Armour
 a - a +0 robe (worn)
Magical Staves
 b - a staff of earth
Jewellery
 f - a ring of ice
Wands
 g - a wand of digging (8)
Scrolls
 c - a scroll of teleportation
 d - a scroll of noise


   Skills:
 * Level 2.8 Dodging
 + Level 2.4 Stealth
 * Level 3.7 Spellcasting
 * Level 5.9 Necromancy


You had 4 spell levels left.
You knew the following spells:

 Your Spells              Type           Power      Damage    Failure   Level
a - Pain                  Necr           100%       1d9       1%          1
b - Animate Skeleton      Necr           58%        N/A       1%          1
c - Vampiric Draining     Necr           29%        2d8       3%          3

Your spell library contained the following spells:

 Spells                   Type           Power      Damage    Failure   Level
 Animate Dead             Necr           14%        N/A       11%         4
 Agony                    Necr           29%        N/A       28%         5


Dungeon Overview and Level Annotations

Branches:
Dungeon (2/15)

Altars:
Nemelex Xobeh


Message History

Press: ? - help, Q - select action, (/) - cycle Shift-Dir - straight line, f/p - gnoll
Aim: a gnoll, wielding a +0 whip (severely wounded, chance to affect: 88%)
The gnoll barely resists.
Casting: Pain (safe; 1% risk of failure)
Confirm with . or Enter, or press ? or * to list all spells.
The spell is quite dangerous to miscast (3% risk of failure)!
Continue anyway?
Okay, then.
Casting: Vampiric Draining (quite dangerous; 3% risk of failure)
Confirm with . or Enter, or press ? or * to list all spells.
The spell is quite dangerous to miscast (3% risk of failure)!
Continue anyway?
Aiming: Vampiric Draining (quite dangerous; 3% risk of failure)
Press: ? - help, Shift-Dir - straight line, f/p - gnoll
Aim: a gnoll, wielding a +0 whip (severely wounded)
You draw life force from the gnoll!
You kill the gnoll!
You feel life coursing into your body.
Aiming: Pain (safe; 1% risk of failure)
Press: ? - help, Q - select action, (/) - cycle Shift-Dir - straight line, f - gnoll
Aim: a gnoll, wielding a +0 flail (chance to affect: 88%)
The gnoll writhes in agony.
Aiming: Pain (safe; 1% risk of failure)
Press: ? - help, Q - select action, (/) - cycle Shift-Dir - straight line, f/p - gnoll
Aim: a gnoll, wielding a +0 flail (lightly wounded, chance to affect: 88%)
The gnoll writhes in agony.
The gnoll hits you with a +0 flail!
Ouch! That really hurt!
* * * LOW HITPOINT WARNING * * *
Casting: Pain (safe; 1% risk of failure)
Confirm with . or Enter, or press ? or * to list all spells.
The spell is quite dangerous to miscast (3% risk of failure)!
Continue anyway?
Okay, then.
Casting: Vampiric Draining (quite dangerous; 3% risk of failure)
Confirm with . or Enter, or press ? or * to list all spells.
The spell is quite dangerous to miscast (3% risk of failure)!
Continue anyway?
Aiming: Vampiric Draining (quite dangerous; 3% risk of failure)
Press: ? - help, Shift-Dir - straight line, f/p - gnoll
Aim: a gnoll, wielding a +0 flail (lightly wounded)
You draw life force from the gnoll.
You feel life coursing into your body. The gnoll hits you with a +0 flail!
You die...

#...#.........# #...
#####..)......# #.##
#.####.#.### ##.# #.#
#.....###..# #.#
###.#.....## #.#
###.####..### ###### #.#
##............ #....# #g#
#..#..####..##
#....####@###.###.##....##
#.............# #..#.##...
#.....###>##### ##...#####
#....## #.# ##..## #
#.....###.# #....#
#.........# ##.##.##
#.........# #..##..# #
#...._..#.# ##.####.###
#..†....#.# #...# #.##.


You could see a gnoll.

Vanquished Creatures
  2 gnolls (D:2)
  3 worms (D:2)
  2 dart slugs (D:1)
  5 endoplasms (D:1)
  A goblin (D:1)
  2 hobgoblins
  2 quokkas
  3 bats
  A kobold (D:2)
21 creatures vanquished.

Notes
Turn   | Place    | Note
-------+----------+-------------------------------------------
     0 | D:1      | DrunkBamboolord the Deep Elf Necromancer began the quest
                  | for the Orb.
     0 | D:1      | Reached XP level 1. HP: 10/10 MP: 6/6
     3 | D:1      | Learned a level 1 spell: Animate Skeleton
    77 | D:1      | Reached skill level 5 in Necromancy
   442 | D:1      | Reached XP level 2. HP: 12/15 MP: 5/8
   739 | D:1      | Found a faded altar of an unknown god.
  1584 | D:2      | Reached XP level 3. HP: 12/19 MP: 2/9
  1588 | D:2      | Learned a level 3 spell: Vampiric Draining
  1892 | D:2      | Found a sparkling altar of Nemelex Xobeh.
  2009 | D:2      | Slain by a gnoll

Illustrated notes

Levels and vault maps discovered:
D:1:      nzn_arrival_depleted_hourglass, layout_loops_ring,
          hellmonk_ecumenical_altar_pennies_from_heaven
D:2:      layout_rooms, basic_altar

Skill      XL: |  1 |
---------------+----+-----
Necromancy     | 5 |  5.9
Dodging        | |  2.8
Stealth        | |  2.4
Spellcasting   | |  3.7

Action                   || total
-------------------------++-------
 Cast: Pain              ||    54
       Vampiric Draining ||     2
  Use: Scroll            ||     2
Dodge: Dodged            ||     2
